Unix NetHack Version 3.7.0-102 Work-in-progress - last build Apr 6 2024 13:22:21 (d302a6a9ff6341f1a922d8f5af178406b35fdf99,branch:master). Game began 2024-04-13 08:56:08, ended 2024-04-13 09:06:39. Raisse, lawful female dwarven Archeologist -- -.- ...| ... -- ..-.-- --- -----....| --.--- |..||....| |....---..--....| --..............--- |......).<........| -- ---......---..|..h.| .-- |........| -----..-- ..-- |.......-- ---------- -...| --......| --..| --.----...| |......-- |...| --....|....| ---.....---...---........----- --.....|........[..............- ---.................-------- -- |......^..--......| ---..-------------- ---- Raisse the Field Worker St:9 Dx:11 Co:16 In:14 Wi:14 Ch:12 Lawful Dlvl:6 $:3125 HP:0(35) Pw:4(4) AC:8 Xp:4/106 T:2199 Burdened Blind Latest messages: Poes misses the dwarf. Poes misses the dwarf. Poes misses the dwarf. Poes misses the dwarf. Poes misses the dwarf. Poes misses the dwarf. Poes misses the dwarf. Poes bites the dwarf. Poes bites the dwarf. The dwarf thrusts his dwarvish short sword at Poes. The dwarf hits Poes. Poes misses the gnome. Poes bites the gnome. The gnome is killed! Poes grows up into a housecat. Poes misses it. You miss the brown mold. You are suddenly very cold! Poes bites the brown mold. Poes is suddenly very cold! You ready: o - a crude dagger. In what direction? You miss the brown mold. You are suddenly very cold! Poes misses the yellow light. The yellow light explodes! You are blinded by a blast of light! It misses. You stop waiting. You hear some noises. It hits! You hit it. It is hit. It hits! You stop waiting. You hit it. It hits! It hits! You start digging. You hit the rock with all your might. It hits! You stop digging. It hits! It hits! You die... Do you want your possessions identified? [ynq] (y) y Do you want to see your attributes? [ynq] (y) y Do you want an account of creatures vanquished? [ynaq] (y) y Do you want to see your conduct and achievements? [ynq] (y) y Do you want to see the dungeon overview? [ynq] (y) y Inventory: Coins $ - 3125 gold pieces Amulets k - an uncursed amulet of reflection (being worn) Weapons a - an uncursed +2 bullwhip o - an uncursed +0 orcish dagger (at the ready) B - an uncursed +3 elven dagger Armor h - an uncursed +0 leather jacket q - a cursed -1 orcish helm A - an uncursed +0 leather jacket (being worn) C - an uncursed +0 alchemy smock with text "If we weren't meant to eat animals, why are they made out of meat?" (being worn) H - a blessed +0 fedora (being worn) Comestibles e - 2 uncursed food rations s - 2 uncursed lichen corpses Scrolls w - an uncursed scroll of teleportation y - an uncursed scroll of amnesia I - 2 cursed scrolls of enchant armor K - an uncursed scroll of remove curse L - 3 uncursed scrolls of enchant weapon N - an uncursed scroll of enchant weapon O - an uncursed scroll of destroy armor P - an uncursed scroll of punishment Potions z - 3 uncursed potions of healing Q - an uncursed potion of object detection Rings E - an uncursed ring of invisibility Tools d - an uncursed +0 pick-axe (weapon in right hand) i - an uncursed magic marker (0:21) l - an uncursed tinning kit (0:72) m - a cursed tin whistle r - a cursed tin whistle v - an uncursed oil lamp x - an empty uncursed sack S - a cursed figurine of a giant mimic Gems/Stones t - an uncursed touchstone R - an uncursed turquoise stone Raisse the Archeologist's attributes: Background: You were a Field Worker, a level 4 female dwarven Archeologist. You were lawful, nominally on a mission for Quetzalcoatl who was opposed by Camaxtli (neutral) and Huhetotl (chaotic). You were right-handed. You were in the Gnomish Mines, on level 6. You entered the dungeon 2199 turns ago. You had 106 experience points, 54 more were needed to attain level 5. Basics: You had 0 out of 35 hit points. You had all 4 energy points (spell power). Your armor class was 8. Your wallet contained 3125 zorkmids. Autopickup was on for '$!?/"=+' plus thrown, with exceptions. Final Characteristics: Your strength was 9 (limit:18/100). Your dexterity was 11 (limit:20). Your constitution was 16 (limit:20). Your intelligence was 14 (limit:16). Your wisdom was 14 (limit:16). Your charisma was 12 (limit:16). Final Status: You were temporarily blind. You weren't hungry. You were burdened; movement was slightly slowed. You were wielding a pick-axe. You had basic skill with pick-axe. Final Attributes: You were piously aligned. You were poison resistant. You were acid resistant. Your items were protected from acid. You had automatic searching. You had infravision. You were warded. You had reflection. You are dead. Miscellaneous: You never encountered a bones level. Total elapsed playing time was 10 minutes and 30 seconds. Major events: Turn 1: Raisse the lawful female dwarven Archeologist entered the dungeon 1475: attained the rank of Field Worker (level 3) 1547: entered the Gnomish Mines 1654: read a Discworld novel 2199: killed by a hill orc Vanquished creatures: a yellow light 2 floating eyes a dwarf a hill orc 2 giant bats 2 iguanas a hobbit a brown mold a yellow mold 7 gnomes 8 jackals 2 kobolds 2 goblins a sewer rat 4 grid bugs 3 lichens 5 newts 44 creatures vanquished. No species were genocided or became extinct. Voluntary challenges: You were an atheist. You read items or engraved 6 times. You never engraved Elbereth. You never genocided any monsters. You never polymorphed an object. You never changed form. You used no wishes. Achievements: You attained the rank of Field Worker. You entered the Gnomish Mines. You entered a shop. You read from a Discworld novel. The Dungeons of Doom: levels 1 to 4 Level 1: A fountain. Level 2: A fountain, a sink. Level 3: Some fountains. Level 4: A scroll shop. Stairs down to The Gnomish Mines. The Gnomish Mines: levels 5 to 6 Level 5: Level 6: <- You were here. Final resting place for you, killed by a hill orc. Game over: ---------- / \ / REST \ / IN \ / PEACE \ / \ | Raisse | | 3125 Au | | killed by a hill | | orc | | | | | | 2024 | *| * * * | * _________)/\\_//(\/(/\)/\//\/|_)_______ Goodbye Raisse the Archeologist... You died in The Gnomish Mines on dungeon level 6 with 3497 points, and 3125 pieces of gold, after 2199 moves. You were level 4 with a maximum of 35 hit points when you died.